Map: Cyber Forest LE

Players

Reynor

  • Race: Zerg Zerg
  • Spawn Location: 11:00

MarineLorD - Winner!

  • Race: Terran Terran
  • Spawn Location: 5:00

Event: 2019 WCS Summer

VOD

Have the link to the VOD?

Description

Time

  • Played on: July 12, 2019, 1:51 p.m.
  • Length: 4:07

All games in this series

Show
View Real Time Build Order
Export as new Build Order

Reynor Zerg 

Build Orders: Hatch First 

Get SALT Encoding   

  12  0:00  Drone  
  13  0:12  Overlord  
  13  0:17  Drone  
  14  0:30  Drone x2  
  16  0:48  Hatchery  
  15  0:52  Drone  
  15  0:55  Drone  
  17  0:59  Drone  
  18  1:12  Extractor  
  18  1:14  Spawning Pool  
  18  1:18  Drone  
  17  1:21  Drone  
  18  1:28  Drone  
  19  1:38  Drone  
  20  1:49  Drone  
  21  2:01  Zergling x4, Queen x2  
  27  2:12  Zergling x4, Spine Crawler  
  27  2:30  Zergling x2  
  27  2:31  Overlord  
  26  2:42  Zergling x4  
  24  2:47  Zergling x4  
  22  2:54  Zergling x4  
  24  3:04  Zergling x4  
  26  3:14  Zergling x2  
  26  3:15  Zergling x4  
  26  3:19  Zergling x2  
  22  3:28  Zergling x4  
  23  3:39  Zergling x2  
Show
View Real Time Build Order
Export as new Build Order

MarineLorD Terran - Winner!

Build Orders:  

Get SALT Encoding   

  12  0:00  SCV  
  13  0:12  SCV  
  14  0:17  Supply Depot  
  14  0:24  SCV  
  15  0:39  Barracks  
  15  0:52  Barracks  
  15  1:03  Barracks  
  15  1:07  SCV  
  16  1:19  SCV  
  17  1:26  Marine  
  17  1:31  Orbital Command  
  18  1:36  Supply Depot  
  18  1:39  Marine  
  18  1:44  Marine  
  20  1:50  Marine  
  21  1:57  Marine  
  22  2:01  Marine  
  22  2:07  Marine  
  24  2:10  Bunker  
  24  2:14  SCV  
  24  2:15  Marine  
  25  2:19  Marine  
  27  2:25  Marine  
  27  2:31  Supply Depot  
  27  2:33  Marine  
  28  2:37  Marine  
  28  2:43  Marine  
  28  2:44  SCV  
  30  2:51  Marine  
  30  2:55  Marine  
  31  3:01  Marine  
  32  3:08  Marine  
  33  3:13  Marine  
  33  3:19  Marine  
  34  3:26  Marine  
  29  3:30  Marine  
  26  3:37  Marine  
  21  3:48  Marine  
Tags
 
Add a new tag
Caveats
  • Supply blocks, unpowered buildings, or Contaminate may cause inaccurate times.
  • Supply counts are checked every 10 seconds.